 Dungeon Crawl Stone Soup version 0.29.1-15-g9cfb28693d (webtiles) character file.

Game seed: 6800345345336542578

165 KreenWarrior the Cudgeller (level 5, -1/39 HPs)
             Began as a Demonspawn Gladiator on Mar 11, 2023.
             Succumbed to an adder's poison
             ... on level 3 of the Dungeon.
             The game lasted 00:09:26 (3796 turns).

KreenWarrior the Cudgeller (Demonspawn Gladiator)   Turns: 3796, Time: 00:09:26

Health: -1/39      AC:  3    Str: 16    XL:     5   Next: 22%
Magic:  5/5        EV: 12    Int:  9    God:
Gold:   128        SH:  0    Dex: 15    Spells: 4/4 levels left

rFire   . . .      SeeInvis .   a - +0 flail
rCold   . . .      Faith    .   (no shield)
rNeg    + + .      Spirit   .   b - +0 leather armour
rPois   .          Reflect  .   (helmet restricted)
rElec   .          Harm     .   (no cloak)
rCorr   .          Rampage  .   (no gloves)
Will    .....                   (no boots)
Stlth   +.........              (no amulet)
HPRegen 0.13/turn               t - ring of positive energy
MPRegen 0.09/turn               s - ring of positive energy

@: lethally poisoned (-1 -> -18)
A: antennae 2
a: no special abilities


You were on level 3 of the Dungeon.
You visited 1 branch of the dungeon, and saw 3 of its levels.

You collected 128 gold pieces.

Inventory:

Hand Weapons
 a - a +0 flail (weapon)
 r - a +0 sling
Missiles
 d - 2 throwing nets (quivered)
 e - a javelin
 f - 54 stones
Armour
 b - a +0 leather armour (worn)
 c - a +0 helmet
Jewellery
 s - a ring of positive energy (right hand)
 t - a ring of positive energy (left hand)
Wands
 l - a wand of flame (12)
 v - a wand of charming (4)
Scrolls
 g - 2 scrolls of teleportation
 i - a scroll of fear
 j - a scroll of amnesia {unknown}
 n - a scroll of enchant weapon {unknown}
 o - a scroll of immolation {unknown}
 q - a scroll of butterflies {unknown}
Potions
 h - a potion of resistance
 k - a potion of attraction
 m - a potion of brilliance
 p - a potion of lignification
 u - a potion of heal wounds {unknown}


   Skills:
 + Level 2.7 Fighting
 + Level 3.5 Maces & Flails
 + Level 2.0 Throwing
 + Level 2.2 Armour
 + Level 3.3 Dodging
 + Level 0.7 Stealth


You had 4 spell levels left.
You didn't know any spells.
Your spell library contained the following spells:

 Spells                   Type           Power      Damage    Failure   Level
 Dazzling Flash           Conj/Hex       0%         N/A       83%         3
 Iskenderun's Mystic Bla  Conj/Tloc      0%         2d3       99%         4
 Starburst                Conj/Fire      0%         6d3       100%        6


Dungeon Overview and Level Annotations

Branches:
Dungeon (3/15)

Altars:


Innate Abilities, Weirdness & Mutations

You have a pair of antennae on your head.


Message History

The orc priest barely misses you.
You thump the orc priest!
The orc priest is almost dead.
The orc priest calls down the wrath of Beogh upon you.
Beogh smites you!
You sock the orc priest!
You kill the orc priest!
You have reached level 5!
Your demonic ancestry asserts itself...
The antennae on your head grow some more.
Items here: ))) †.
Found a long gold wand.
An adder comes into view.
The adder hisses angrily.
You see here a wand of charming (4).
v - a wand of charming (4)
The adder barely misses you.
You barely miss the adder. The adder barely misses you.
You closely miss the adder. The adder bites you.
You are poisoned.
The adder poisons you! The adder bites you but does no damage.
You miss the adder.
You feel sick. The adder closely misses you.
You closely miss the adder.
You feel sick. The adder bites you.
* * * LOW HITPOINT WARNING * * *
You are lethally poisoned!
The adder poisons you! The adder bites you.
* * * LOW HITPOINT WARNING * * *
You are more poisoned.
The adder poisons you!
You sock the adder!
The adder is severely wounded.
* * * LOW HITPOINT WARNING * * *
You feel very sick. The adder bites you.
* * * LOW HITPOINT WARNING * * *
You are more poisoned.
The adder poisons you! The adder closely misses you.
You thump the adder!
You kill the adder!
You die...

### ..######## #.... ........##
#...# #.......# #...# #.......#
....## #.......# .....# #.......#
#....# ####..@....# #....#
.#.....##.##
#....#####...##.###)#### ##+#
...#.........##.# #....######..##
##...........##.# #.......[......
########........# #....####.####.
## #......## ##....# #..# #.
.#######......###......#####.###.
.[.##.............#....∩..8.....∩


There were no monsters in sight!

Vanquished Creatures
  An orc priest (D:3)
  5 adders
  3 gnolls
  A worm (D:2)
  3 dart slugs
  2 orcs (D:3)
  2 ball pythons
  5 bats
  A bat zombie (D:2)
  3 endoplasms
  3 giant cockroaches (D:2)
  7 goblins
  4 hobgoblins
  8 jackals
  A quokka (D:2)
  A ball python zombie (D:2)
  A frilled lizard (D:1)
  A jackal skeleton (D:2)
  6 kobolds
  A quokka zombie (D:2)
  6 rats
65 creatures vanquished.

Vanquished Creatures (others)
  4 withered plants (D:2)
4 creatures vanquished.

Grand Total: 69 creatures vanquished

Notes
Turn   | Place    | Note
-------+----------+-------------------------------------------
     0 | D:1      | KreenWarrior the Demonspawn Gladiator began the quest for
                  | the Orb.
     0 | D:1      | Reached XP level 1. HP: 16/16 MP: 1/1
   342 | D:1      | Gained mutation: You have a pair of small antennae on your
                  | head. [demonic ancestry]
   342 | D:1      | Reached XP level 2. HP: 22/22 MP: 2/2
  1191 | D:2      | Reached XP level 3. HP: 27/27 MP: 3/3
  1507 | D:2      | Reached skill level 1 in Armour
  2073 | D:2      | Reached XP level 4. HP: 32/34 MP: 4/4
  2954 | D:3      | Found a faded altar of an unknown god.
  3782 | D:3      | Gained mutation: You have a pair of antennae on your head.
                  | [demonic ancestry]
  3782 | D:3      | Reached XP level 5. HP: 15/39 MP: 5/5
  3796 | D:3      | Succumbed to an adder's poison

Illustrated notes

Levels and vault maps discovered:
D:1:      erik_arrival_orb_chamber, layout_loops_corners
D:2:      layout_loops_ring, serial_undead, serial_undead_b, serial_undead_b,
          serial_undead_b, serial_undead_c, minmay_mini_jars
D:3:      minmay_chambers_of_threes, layout_rooms,
          hellmonk_ecumenical_altar_arch_garden, kennysheep_generic_room_11

Skill      XL: |  1  2  3  4 |
---------------+-------------+-----
Throwing       | 2 |  2.0
Dodging        | 3 |  3.3
Maces & Flails | 3 |  3.5
Armour         | 1 2 |  2.2
Fighting       | |  2.7
Stealth        | |  0.7

Action                   |  1- 3 |  4- 6 || total
-------------------------+-------+-------++-------
Melee: Flail             |   114 |    86 ||   200
       Punch             |     2 |     2 ||     4
Throw: Throwing net      |       |     3 ||     3
  Use: Scroll            |     3 |     2 ||     5
       Potion            |     1 |     2 ||     3
 Stab: Sleeping          |     1 |       ||     1
       Held in net/web   |       |     1 ||     1
Armor: Leather armour    |    39 |    27 ||    66
Dodge: Dodged            |    86 |    80 ||   166
